 Dungeon Crawl Stone Soup version 0.21-a0-228-g14ccbf3 (webtiles) character file.

1025 Gorglomux the Shield-Bearer (level 8, 0/54 HPs)
             Began as a Halfling Warper on Aug 31, 2017.
             Was an Initiate of Okawaru.
             Succumbed to a worker ant's poison
             ... on level 5 of the Dungeon.
             The game lasted 00:10:01 (5758 turns).

Gorglomux the Shield-Bearer (Halfling Warper)       Turns: 5758, Time: 00:10:02

Health: 0/54       AC:  5    Str: 14    XL:     8   Next: 47%
Magic:  10/10      EV: 20    Int: 11    God:    Okawaru [......]
Gold:   225        SH:  7    Dex: 19    Spells: 8/10 levels left

rFire    . . .     SeeInvis .   a - +0 falchion
rCold    . . .     Gourm    +   C - +0 buckler
rNeg     . . .     Faith    .   b - +0 leather armour
rPois    .         Spirit   .   (no helmet)
rElec    .         Reflect  .   (no cloak)
rCorr    .         Harm     .   G - +1 pair of gloves
MR       .....                  (no boots)
Stlth    ++........             L - amulet of the gourmand
HPRegen  0.18/turn              (no ring)
MPRegen  0.12/turn              (no ring)

@: agile, lethally poisoned (0 -> -2), flying
A: mutation resistance 1
a: Renounce Religion


You were on level 5 of the Dungeon.
You worshipped Okawaru.
Okawaru was noncommittal.
You were very full.

You visited 2 branches of the dungeon, and saw 6 of its levels.

You collected 225 gold pieces.

Inventory:

Hand Weapons
 a - a +0 falchion (weapon)
Missiles
 W - 45 stones (quivered)
Armour
 b - a +0 leather armour (worn)
 C - a +0 buckler (worn)
 G - a +1 pair of gloves (worn)
Jewellery
 L - an amulet of the gourmand (around neck)
Wands
 P - a wand of paralysis (3/24)
Scrolls
 B - 2 scrolls of blinking
 D - 2 scrolls of noise {unknown}
 H - 2 scrolls of magic mapping {unknown}
 I - 4 scrolls of recharging {unknown}
 N - 5 scrolls of teleportation {unknown}
 O - a scroll of remove curse
 R - 4 scrolls of identify
 S - 2 scrolls of fog {unknown}
Books
 c - a book of Spatial Translocations

   Spells                             Type                      Level
   a - Blink                          Translocation                2
   b - Shroud of Golubria             Charms/Translocation         2
   c - Lesser Beckoning               Translocation                3
   d - Gell's Gravitas                Translocation                3
   e - Teleport Other                 Translocation                3
   f - Passage of Golubria            Translocation                4
Comestibles
 f - 3 bread rations
 z - 4 meat rations
 T - 4 fruits
 V - 3 royal jellies


   Skills:
 + Level 4.5 Fighting
 + Level 5.0 Long Blades
 - Level 1.0 Throwing
 - Level 1.1 Armour
 - Level 2.1 Dodging
 - Level 7.0 Shields
 - Level 1.5 Spellcasting
 - Level 3.2 Translocations


You had 8 spell levels left.
You knew the following spells:

 Your Spells              Type           Power        Failure   Level  Hunger
d - Blink                 Tloc           N/A          14%         2    ###....


Dungeon Overview and Level Annotations

Branches:
Dungeon (5/15)             Temple (1/1) D:4

Altars:
Ashenzari
Cheibriados
Dithmenos
Fedhas
Gozag
Kikubaaqudgha
Makhleb
Nemelex Xobeh
Okawaru
Qazlal
Sif Muna
Trog
Uskayaw
Wu Jian
Xom
Zin
The Shining One


Innate Abilities, Weirdness & Mutations

You are small and have problems with some larger weapons.
You are somewhat resistant to further mutation.


Message History

* * * don'butt die
* * * You feel sick!
You block the orc's attack!
You carve the orc like a ham!
The butt butts lightly wounded!
The orc completely misses you!
You slice the orc but do no damage!
The orc is lightly wounded!
The orc hits you but does no damage!
You barely butts the orc!
The orc is lightly wounded! * * * don't die
* * * You feel sick!
The orc closely misses you!
Unknown butt!
You slice the orc like a ripe choko!
The orc is almost dead!
The orc completely butts you!
You slice the orc like a ripe choko!
You annihilate the orc!!!
Okawaru roars: ANNIHILATED! rip

########......... .....
..............<.. .....
########......... ....
#.......#........ #..#
#.###............ #..#
#.###............ #..#
#.......###.##...
##.###..######.........##...
........Zo[@.#...########...
###.....####.#.....# #...
.....o.## #.#.#.#.# #...
....... #.#.#.#.# #...
....o.. #.#...#.# #...
....... ###.....#.# #...
.#..... #.........# ####
...... #.......### #.......#


You could see an orc and an adder skeleton.

Vanquished Creatures
  Grinder (D:3)
  3 ogres (D:4)
  A phantom (D:4)
  A bullfrog (D:4)
  A scorpion (D:5)
  A bullfrog skeleton (D:5)
  2 orc wizards
  3 worker ants
  Robin (D:3)
  6 gnolls
  3 adders
  An ooze (D:2)
  An adder skeleton (D:4)
  A worm (D:2)
  6 dart slugs
  2 leopard geckos
  7 orcs
  A ball python (D:4)
  2 giant cockroaches
  14 goblins
  6 hobgoblins
  10 jackals
  5 kobolds
  2 quokkas
  9 bats
  8 frilled lizards
  A jackal skeleton (D:4)
  10 rats
109 creatures vanquished.

Vanquished Creatures (others)
  The ghost of Gorglomux the Bolt Thrower, an amateur TeHu (D:4)
  A howler monkey skeleton (D:4)
  A quokka (D:4)
3 creatures vanquished.

Grand Total: 112 creatures vanquished

Notes
Turn   | Place    | Note
-------+----------+-------------------------------------------
     0 | D:1      | Gorglomux the Halfling Warper began the quest for the Orb.
     0 | D:1      | Reached XP level 1. HP: 14/14 MP: 3/3
     8 | D:1      | Noticed a halfling
    10 | D:1      | Noticed an ogre
    10 | D:1      | Noticed a formicid
    12 | D:1      | Noticed a tengu
    14 | D:1      | Noticed a spriggan
    14 | D:1      | Noticed a gargoyle
    16 | D:1      | Noticed a troll
    16 | D:1      | Noticed a dwarf
    18 | D:1      | Noticed a human
    18 | D:1      | Noticed a naga
    20 | D:1      | Noticed an octopode
    20 | D:1      | Noticed a ghoul
    22 | D:1      | Noticed a demigod
    22 | D:1      | Noticed a vampire
    24 | D:1      | Noticed a centaur
    24 | D:1      | Noticed a demonspawn
    26 | D:1      | Noticed an elf
    26 | D:1      | Noticed a minotaur
    28 | D:1      | Noticed a merfolk
    30 | D:1      | Noticed a felid
    30 | D:1      | Noticed a vine stalker
    32 | D:1      | Noticed a draconian
   408 | D:1      | Reached skill level 1 in Shields
   419 | D:1      | Reached XP level 2. HP: 19/19 MP: 4/4
   452 | D:1      | Found a shattered altar of Ashenzari.
   523 | D:1      | Reached skill level 2 in Shields
   801 | D:1      | Reached XP level 3. HP: 21/24 MP: 5/5
  1171 | D:2      | Reached skill level 3 in Shields
  1717 | D:2      | Reached XP level 4. HP: 28/29 MP: 6/6
  1791 | D:3      | Noticed Robin
  1794 | D:3      | Reached skill level 4 in Shields
  1810 | D:3      | Killed Robin
  1981 | D:3      | Reached XP level 5. HP: 5/34 MP: 7/7
  2285 | D:3      | Reached skill level 5 in Shields
  2350 | D:3      | Found a hide-covered altar of Uskayaw.
  2350 | D:3      | Found a shimmering altar of Xom.
  2350 | D:3      | Found a snail-covered altar of Cheibriados.
  2351 | D:3      | Found a stormy altar of Qazlal.
  2729 | D:3      | Noticed Grinder
  2744 | D:3      | Killed Grinder
  2744 | D:3      | Reached skill level 7 in Shields
  2744 | D:3      | Reached XP level 6. HP: 29/39 MP: 8/8
  3009 | D:4      | Reached XP level 7. HP: 26/45 MP: 9/9
  3221 | D:4      | Learned a level 2 spell: Blink
  3711 | D:4      | Noticed Gorglomux's ghost (amateur TeHu)
  3711 | D:4      | Reached skill level 3 in Long Blades
  3725 | D:4      | Reached skill level 3 in Fighting
  4122 | D:4      | HP: 1/46 [ogre/giant club (22)]
  4381 | D:4      | Killed Gorglomux's ghost
  4440 | D:4      | Reached XP level 8. HP: 48/53 MP: 10/10
  4451 | D:4      | Found a staircase to the Ecumenical Temple.
  4460 | Temple   | Entered the Ecumenical Temple
  4527 | Temple   | Became a worshipper of Warmaster Okawaru
  4623 | D:4      | Found a burning altar of Makhleb.
  5346 | D:5      | Entered Level 5 of the Dungeon
  5750 | D:5      | HP: 2/54 [poisoned by a worker ant]
  5756 | D:5      | HP: 1/54 [poisoned by a worker ant]
  5758 | D:5      | Succumbed to a worker ant's poison

Vault maps used:
D:1:      kb_arrival_jail, minmay_misc_feat_plants, grunt_decor_fettered,
          nicolae_ashenzari_panopticon
D:3:      chequers_temple_overflow_statue_of_worship, first_bread, uniq_grinder,
          uniq_robin
D:4:      bloody_makhleb, temple_hall, lemuel_old_faithful
Temple:   zaba_magenta_temple

Skill      XL: |  1  2  3  4  5  6  7  8 |
---------------+-------------------------+-----
Shields        | 1 2 3 4 7 |  7.0
Fighting       | 2 3 4 |  4.5
Long Blades    | 4 5 |  5.0
Throwing       | |  1.0
Armour         | |  1.1
Dodging        | |  2.1
Spellcasting   | |  1.5
Translocations | |  3.2

Action                   |  1- 3 |  4- 6 |  7- 9 || total
-------------------------+-------+-------+-------++-------
Melee: Falchion          |   117 |   171 |   213 ||   501
Throw: Tomahawk          |     5 |       |       ||     5
 Cast: Blink             |       |       |     2 ||     2
Evoke: Wand              |       |       |     2 ||     2
  Use: Potion            |       |     2 |     3 ||     5
       Scroll            |       |     1 |     1 ||     2
 Stab: Sleeping          |     1 |       |     1 ||     2
       Paralysed         |       |       |     5 ||     5
  Eat: Chunk             |    11 |     7 |     8 ||    26
Armor: Leather armour    |    26 |    32 |    22 ||    80
Dodge: Dodged            |    83 |   111 |   131 ||   325
Block: Buckler           |    24 |    56 |    58 ||   138
       Rpst.: Falchion   |    22 |    40 |    43 ||   105

Table legend:
 A = Spawn XP
 B = Non-spawn XP
 C = Spawn XP percentage of total XP
 D = Spawn monster count
 E = Non-spawn monster count
 F = Spawn count percentage of total count
 G = Total turns spent on level
                    A         B        C        D         E        F      G
               +---------+---------+-------+---------+---------+-------+---------
         Total |     231 |    1234 |  15.8 |      18 |      91 |  16.5 |  5758
               +---------+---------+-------+---------+---------+-------+---------
           D:1 |      13 |      25 |  34.2 |       7 |      15 |  31.8 |  1024
           D:2 |       3 |      49 |   5.8 |       2 |      16 |  11.1 |  1011
           D:3 |       4 |     432 |   0.9 |       2 |      40 |   4.8 |  1245
           D:4 |     165 |     568 |  22.5 |       5 |      15 |  25.0 |  1983
           D:5 |      46 |     160 |  22.3 |       2 |       5 |  28.6 |   412
               +---------+---------+-------+---------+---------+-------+---------
